Map: Lightshade LE

Players

TLHarstem (Harstem) - Winner!

  • Race: Protoss Protoss
  • League: Master

ShoWTimE

  • Race: Protoss Protoss
  • League: Grandmaster

Event: DreamHack SC2 Masters 2021 Summer

VOD

Have the link to the VOD?

Description

Time

  • Played on: June 2, 2021, 11:13 a.m.
  • Length: 23:41

All games in this series

Show
View Real Time Build Order
Export as new Build Order

TLHarstem Protoss - Winner!

Build Orders: Oracle Opening, Carriers, Zealot Archon 

Get SALT Encoding   

  12  0:00  Probe  
  13  0:12  Probe  
  14  0:18  Pylon  
  14  0:24  Probe (Chrono Boost)  
  15  0:36  Probe (Chrono Boost)  
  15  0:37  Gateway  
  16  0:45  Probe (Chrono Boost)  
  16  0:46  Assimilator  
  17  0:50  Probe  
  17  0:54  Assimilator  
  18  1:03  Probe (Chrono Boost)  
  19  1:08  Gateway  
  20  1:12  Probe (Chrono Boost)  
  20  1:17  Probe (Chrono Boost)  
  21  1:25  Cybernetics Core  
  21  1:30  Probe  
  22  1:35  Pylon  
  22  1:43  Probe  
  23  1:55  Probe  
  24  2:01  Stargate  
  24  2:02  Stalker  
  28  2:10  Warp Gate  
  28  2:17  Pylon  
  28  2:19  Stalker  
  28  2:21  Probe  
  29  2:44  Oracle (Chrono Boost)  
  29  2:51  Pylon  
  32  3:01  Nexus  
  32  3:08  Pylon  
  32  3:11  Probe  
  32  3:19  Stalker  
  34  3:24  Probe  
  35  3:29  Shield Battery  
  35  3:39  Twilight Council  
  35  3:40  Probe  
  36  3:52  Probe (Chrono Boost)  
  37  4:02  Stalker  
  39  4:04  Probe (Chrono Boost), Stalker  
  42  4:10  Probe (Chrono Boost)  
  42  4:14  Probe (Chrono Boost), Blink (Chrono Boost)  
  44  4:24  Probe (Chrono Boost)  
  46  4:26  Probe (Chrono Boost)  
  46  4:31  Probe (Chrono Boost)  
  47  4:32  Probe (Chrono Boost)  
  47  4:35  Forge  
  47  4:36  Sentry  
  50  4:40  Probe (Chrono Boost)  
  52  4:48  Probe (Chrono Boost), Pylon  
  52  4:50  Phoenix  
  53  4:55  Gateway  
  53  4:56  Probe x2 (Chrono Boost)  
  53  4:57  Gateway  
  54  5:06  Protoss Ground Weapons Level 1 (Chrono Boost)  
  54  5:07  Probe, Assimilator  
  55  5:08  Probe  
  56  5:19  Probe  
  57  5:25  Nexus  
  57  5:27  Probe  
  58  5:31  Probe, Stalker  
  61  5:38  Stalker  
  61  5:40  Probe  
  64  5:42  Pylon  
  64  5:48  Probe  
  65  5:50  Stalker  
  65  5:51  Stalker  
  65  5:52  Probe  
  65  5:56  Pylon  
  70  6:06  Stalker x2  
  70  6:07  Probe  
  70  6:08  Charge  
  75  6:14  Probe  
  76  6:20  Probe  
  76  6:23  Robotics Facility  
  74  6:26  Probe  
  74  6:30  Gateway, Phoenix  
  75  6:33  Probe  
  75  6:34  Gateway  
  75  6:35  Pylon  
  75  6:38  Probe, Shield Battery  
  77  6:43  Probe  
  77  6:45  Templar Archives  
  77  6:46  Probe  
  79  6:54  Gateway, Sentry  
  79  6:55  Probe, Gateway  
  79  6:57  Probe  
  79  6:58  Probe  
  79  6:59  Protoss Ground Weapons Level 2 (Chrono Boost)  
  84  7:03  Assimilator  
  85  7:10  Zealot  
  88  7:16  Pylon  
  88  7:17  Zealot x2  
  88  7:18  Zealot  
  88  7:19  Immortal (Chrono Boost)  
  96  7:23  Probe  
  96  7:25  Probe  
  98  7:30  Zealot  
  98  7:31  Zealot  
  98  7:33  Pylon  
  98  7:35  Pylon  
  102  7:43  Pylon  
  102  7:44  High Templar x2  
  102  7:47  Zealot x2, Pylon  
  102  7:48  Archon  
  110  7:58  Pylon  
  110  8:02  Zealot  
  110  8:03  Zealot x3  
  110  8:04  Probe  
  119  8:06  Probe  
  119  8:11  Nexus  
  119  8:12  High Templar  
  122  8:13  High Templar  
  122  8:19  Archon  
  124  8:20  Zealot x2  
  124  8:21  Probe  
  129  8:27  Probe  
  129  8:28  Probe  
  129  8:29  Assimilator  
  129  8:33  Probe  
  132  8:36  High Templar x2  
  132  8:37  Zealot x2  
  132  8:39  Probe  
  132  8:40  Gateway  
  132  8:41  Archon  
  139  8:42  Zealot x2  
  139  8:48  Shield Battery  
  142  8:49  Pylon  
  142  8:58  Probe  
  142  8:59  Probe, Robotics Bay  
  142  9:06  Probe, Robotics Facility  
  143  9:10  Photon Cannon  
  143  9:13  Zealot x3  
  143  9:15  Probe  
  143  9:16  Photon Cannon  
  150  9:18  Zealot x2  
  150  9:21  Zealot  
  152  9:25  Pylon  
  152  9:36  High Templar  
  152  9:37  High Templar  
  152  9:38  Zealot x2  
  158  9:41  Zealot x5  
  158  9:42  Archon  
  155  9:56  Disruptor (Chrono Boost)  
  155  9:59  Zealot x2  
  135  10:01  Zealot x2  
  135  10:02  Zealot x3  
  135  10:04  Probe  
  112  10:15  Zealot x2  
  112  10:17  Probe, Disruptor (Chrono Boost)  
  112  10:20  Probe  
  121  10:22  Probe, Photon Cannon  
  121  10:24  Shield Battery  
  122  10:30  High Templar  
  122  10:31  High Templar  
  122  10:32  Stalker x3  
  135  10:36  Archon, Disruptor (Chrono Boost), Stalker  
  135  10:39  Probe, Photon Cannon  
  138  10:43  Zealot x2  
  138  10:51  Zealot  
  140  10:57  Stalker x3  
  146  11:04  Probe, Protoss Ground Weapons Level 3  
  146  11:06  Photon Cannon  
  146  11:09  Photon Cannon  
  143  11:12  Zealot x3  
  143  11:14  Pylon  
  150  11:24  Disruptor (Chrono Boost), Zealot x2  
  150  11:25  Zealot x4  
  160  11:33  Dark Shrine  
  160  11:36  Pylon  
  160  11:42  Stalker x3  
  164  11:50  Disruptor  
  164  11:53  Zealot x4  
  164  11:54  Zealot x2  
  173  12:03  Pylon  
  173  12:05  Gravitic Boosters (Chrono Boost)  
  171  12:20  Zealot x7  
  183  12:24  Nexus  
  183  12:26  Observer  
  181  12:38  Probe x2  
  181  12:40  Zealot x4  
  181  12:42  Pylon  
  189  12:47  Photon Cannon, Dark Templar x3  
  189  12:48  Photon Cannon  
  195  12:52  Pylon  
  195  12:57  Photon Cannon  
  195  13:05  Pylon  
  195  13:08  Observer  
  195  13:12  Shadow Stride (Chrono Boost)  
  196  13:17  Probe  
  196  13:18  Gateway  
  197  13:20  Gateway, Pylon  
  197  13:28  Disruptor  
  197  13:31  Assimilator  
  190  13:36  Assimilator, Dark Templar  
  190  13:37  Zealot x6, Dark Templar x2  
  200  13:42  Photon Cannon  
  200  13:45  Photon Cannon  
  198  14:03  Stalker  
  193  14:21  Stalker x4  
  193  14:22  Stalker x2  
  187  14:24  Protoss Shields Level 1 (Chrono Boost)  
  187  14:27  Probe  
  187  14:30  Stargate  
  184  14:36  Stalker x5  
  184  14:37  Protoss Air Weapons Level 1 (Chrono Boost)  
  194  14:41  Probe  
  194  14:43  Photon Cannon  
  194  14:44  Photon Cannon  
  195  14:48  Shield Battery  
  195  14:49  Pylon  
  190  15:03  Observer x2  
  187  15:16  Probe  
  187  15:19  Probe  
  189  15:21  Fleet Beacon  
  189  15:24  Stargate  
  187  15:29  Nexus  
  187  15:33  Pylon  
  159  15:43  Disruptor  
  159  15:44  Zealot x2, Stalker x4  
  159  15:45  Stalker x5  
  184  15:50  Disruptor  
  187  15:58  Photon Cannon  
  187  16:00  Probe, Photon Cannon  
  187  16:01  Photon Cannon  
  187  16:03  Probe, Photon Cannon  
  187  16:04  Probe, Photon Cannon  
  189  16:05  Shield Battery  
  189  16:07  Photon Cannon  
  189  16:09  Pylon  
  190  16:15  Assimilator  
  190  16:17  Assimilator  
  188  16:26  Disruptor  
  181  16:38  Disruptor  
  180  16:43  Zealot x8  
  190  16:57  Probe  
  191  17:02  Photon Cannon, Disruptor  
  195  17:17  Carrier (Chrono Boost)  
  195  17:23  Protoss Shields Level 2 (Chrono Boost)  
  195  17:34  Protoss Air Weapons Level 2 (Chrono Boost)  
  192  17:41  Disruptor x2  
  178  17:49  Carrier (Chrono Boost)  
  175  17:56  Zealot x2  
  175  17:57  Stargate, Zealot x7  
  194  18:20  Carrier (Chrono Boost)  
  186  18:41  Carrier (Chrono Boost)  
  186  18:45  Carrier (Chrono Boost)  
  196  18:50  Photon Cannon  
  196  18:52  Photon Cannon  
  194  18:56  Dark Templar x2  
  194  18:57  Zealot x3  
  200  19:22  Carrier (Chrono Boost)  
  190  19:31  Observer  
  185  19:37  Photon Cannon  
  185  19:38  Stalker x5  
  185  19:44  Carrier (Chrono Boost), Assimilator  
  185  19:45  Zealot x3  
  195  19:46  Assimilator  
  195  19:47  Photon Cannon  
  195  19:51  Photon Cannon  
  195  19:52  Photon Cannon  
  191  19:53  Photon Cannon  
  191  19:55  Zealot x3  
  191  19:58  Observer  
  194  20:12  Nexus  
  194  20:13  Pylon  
  194  20:21  Protoss Air Weapons Level 3 (Chrono Boost)  
  188  20:29  Stalker x6  
  198  20:39  Photon Cannon  
  194  20:43  Dark Templar  
  194  20:45  Photon Cannon  
  194  20:49  Dark Templar x2  
  182  21:06  Stalker x8  
  198  21:14  Photon Cannon  
  198  21:16  Photon Cannon  
  198  21:17  Photon Cannon  
  197  21:19  Photon Cannon  
  191  21:51  Stalker x2  
  191  21:52  Stalker x2  
  186  22:21  Zealot x2, Stalker  
  186  22:22  Stalker x8  
  190  22:25  Carrier (Chrono Boost)  
  196  22:31  Assimilator  
  196  22:36  Observer x2  
  198  22:37  Assimilator  
  198  22:40  Photon Cannon  
  198  22:43  Shield Battery  
  198  22:44  Pylon  
  196  22:57  Observer  
  189  23:19  Stalker x2  
  185  23:20  Stalker x7  
Show
View Real Time Build Order
Export as new Build Order

ShoWTimE Protoss 

Build Orders: Phoenix Opening, Blink Stalkers 

Get SALT Encoding   

  12  0:00  Probe  
  13  0:12  Probe  
  14  0:17  Pylon  
  14  0:24  Probe (Chrono Boost)  
  15  0:36  Probe (Chrono Boost), Gateway  
  16  0:44  Probe (Chrono Boost)  
  16  0:46  Assimilator  
  17  0:50  Probe  
  17  0:54  Assimilator  
  18  1:03  Probe (Chrono Boost)  
  19  1:09  Gateway  
  19  1:15  Probe (Chrono Boost)  
  20  1:22  Probe (Chrono Boost)  
  20  1:25  Cybernetics Core  
  21  1:29  Probe  
  22  1:34  Pylon  
  22  1:41  Probe  
  23  1:53  Probe  
  24  2:01  Stalker x2, Warp Gate  
  26  2:05  Probe  
  29  2:12  Pylon  
  29  2:31  Stalker x2  
  33  2:51  Probe  
  34  3:01  Sentry x2  
  34  3:03  Pylon  
  38  3:06  Probe  
  38  3:14  Twilight Council  
  38  3:18  Probe  
  39  3:31  Nexus  
  39  3:32  Probe (Chrono Boost)  
  40  3:38  Phoenix  
  39  3:43  Forge  
  39  3:44  Probe (Chrono Boost)  
  40  3:49  Probe (Chrono Boost), Shield Battery  
  41  3:58  Probe  
  41  3:59  Blink (Chrono Boost)  
  42  4:10  Probe, Stalker  
  42  4:15  Protoss Ground Weapons Level 1  
  45  4:19  Phoenix  
  45  4:21  Pylon  
  45  4:23  Probe  
  46  4:35  Probe (Chrono Boost)  
  46  4:37  Robotics Facility  
  47  4:45  Probe (Chrono Boost)  
  49  4:47  Probe (Chrono Boost), Sentry  
  49  4:52  Probe (Chrono Boost)  
  52  4:53  Probe (Chrono Boost)  
  52  4:56  Stalker  
  52  4:57  Probe (Chrono Boost)  
  56  5:02  Probe  
  57  5:09  Probe  
  59  5:14  Probe  
  59  5:18  Nexus  
  59  5:20  Pylon  
  59  5:22  Probe  
  59  5:25  Observer  
  59  5:26  Probe  
  62  5:28  Assimilator  
  62  5:31  Stalker  
  62  5:34  Probe (Chrono Boost)  
  65  5:37  Stalker  
  68  5:42  Probe (Chrono Boost)  
  68  5:47  Probe (Chrono Boost)  
  68  5:49  Shield Battery  
  69  5:55  Gateway  
  69  5:56  Probe x2 (Chrono Boost)  
  71  6:01  Probe  
  71  6:02  Gateway  
  72  6:04  Probe  
  72  6:05  Stalker  
  72  6:08  Stalker  
  77  6:13  Probe  
  77  6:16  Probe  
  77  6:18  Protoss Ground Weapons Level 2 (Chrono Boost)  
  77  6:21  Shield Battery  
  77  6:24  Pylon  
  77  6:25  Probe  
  76  6:28  Gateway x2  
  76  6:30  Probe x2  
  78  6:34  Stalker  
  78  6:39  Probe  
  81  6:40  Observer  
  81  6:42  Probe  
  81  6:44  Phoenix  
  81  6:45  Probe  
  84  6:49  Charge (Chrono Boost)  
  84  6:51  Probe  
  85  6:55  Probe  
  85  6:57  Probe  
  87  7:05  Gateway x2  
  87  7:09  Pylon  
  87  7:11  Immortal  
  91  7:19  Phoenix  
  91  7:20  Pylon  
  91  7:24  Templar Archives  
  91  7:27  Zealot x6  
  103  7:33  Pylon  
  103  7:40  Nexus  
  103  7:43  Probe x3, Assimilator  
  106  7:49  Shield Battery  
  106  7:50  Pylon  
  106  7:52  Pylon  
  106  7:55  Warp Prism  
  108  8:01  High Templar x2  
  108  8:05  Archon  
  112  8:07  Zealot x4  
  120  8:15  Gateway  
  120  8:21  High Templar  
  120  8:22  High Templar  
  120  8:24  Gateway  
  120  8:26  Protoss Shields Level 1 (Chrono Boost), Archon  
  124  8:27  Pylon  
  128  8:36  Probe  
  128  8:37  Probe x2  
  127  8:46  Zealot x6  
  139  8:56  Zealot  
  139  8:57  Zealot  
  139  8:58  Pylon  
  139  9:01  Phoenix  
  143  9:08  Pylon  
  143  9:11  Zealot x5  
  143  9:12  Zealot  
  143  9:16  Pylon  
  155  9:18  Pylon  
  155  9:22  Pylon  
  155  9:29  Zealot  
  155  9:30  Zealot x3  
  161  9:32  Zealot x3  
  166  9:46  Zealot x3  
  166  9:49  Warp Prism (Chrono Boost)  
  166  9:52  Zealot x5  
  144  9:53  Zealot x3  
  129  10:06  Zealot x2  
  117  10:13  Protoss Ground Weapons Level 3 (Chrono Boost)  
  105  10:18  Probe x4  
  105  10:20  Assimilator  
  107  10:22  Observer (Chrono Boost), High Templar x3, Assimilator  
  107  10:23  High Templar, Zealot x4  
  124  10:28  Archon  
  124  10:33  Archon  
  124  10:35  Probe x4  
  128  10:37  Pylon  
  128  10:45  Zealot x6  
  136  10:53  Probe x3, Robotics Bay  
  136  10:54  Robotics Facility  
  139  11:00  Stalker x2  
  139  11:01  Zealot x2  
  147  11:08  Pylon  
  147  11:12  Zealot x6  
  159  11:19  Robotics Facility  
  159  11:21  Probe x3  
  159  11:22  Assimilator  
  162  11:29  Stalker x3  
  162  11:31  Probe  
  162  11:32  Assimilator  
  169  11:33  Probe  
  169  11:38  Disruptor  
  166  11:41  Disruptor  
  172  11:52  Zealot x8  
  186  12:07  Pylon  
  186  12:08  Disruptor  
  183  12:17  Observer  
  183  12:19  Zealot x6  
  183  12:20  Zealot x2  
  200  12:32  Nexus  
  200  12:34  Pylon  
  196  12:37  Disruptor  
  196  12:39  Photon Cannon  
  196  12:41  Photon Cannon, Protoss Shields Level 2 (Chrono Boost)  
  199  12:54  Disruptor  
  197  13:01  Photon Cannon  
  197  13:03  Photon Cannon  
  197  13:04  Gravitic Boosters (Chrono Boost)  
  197  13:05  Photon Cannon  
  198  13:10  Photon Cannon  
  198  13:12  Pylon  
  198  13:13  Shield Battery  
  198  13:19  Stargate  
  198  13:23  Disruptor  
  183  13:34  Zealot x2  
  183  13:35  Zealot x4  
  196  13:41  Probe x3  
  196  13:42  Probe  
  199  13:53  Probe, Protoss Air Weapons Level 1 (Chrono Boost)  
  200  13:59  Photon Cannon  
  200  14:01  Photon Cannon  
  198  14:03  Photon Cannon  
  198  14:05  Photon Cannon  
  198  14:09  Photon Cannon  
  198  14:11  Photon Cannon  
  198  14:15  Shield Battery  
  170  14:23  High Templar  
  170  14:24  High Templar, Zealot x8  
  172  14:32  Archon  
  172  14:33  Disruptor  
  172  14:34  Oracle (Chrono Boost)  
  178  14:40  Gateway  
  178  14:42  Gateway  
  178  14:44  Gateway  
  178  14:45  Stalker x7  
  187  14:46  Gateway  
  189  14:54  Disruptor  
  182  15:04  Zealot x3  
  184  15:10  Zealot x7  
  184  15:11  Disruptor  
  195  15:21  Photon Cannon  
  195  15:22  Protoss Ground Armor Level 1 (Chrono Boost)  
  195  15:24  Shield Battery, Fleet Beacon  
  195  15:27  Assimilator  
  195  15:31  Assimilator, Stalker x2  
  186  15:45  Dark Shrine  
  186  15:47  Shield Battery  
  186  15:51  Stalker x6  
  198  16:02  Zealot  
  200  16:29  Zealot  
  186  16:37  Nexus  
  186  16:41  Observer  
  186  16:46  Disruptor x2  
  179  16:54  Shadow Stride (Chrono Boost)  
  179  17:00  Stargate  
  179  17:02  Stargate  
  179  17:03  Nexus  
  179  17:04  Zealot x9  
  179  17:05  Zealot  
  179  17:06  Pylon  
  198  17:10  Disruptor  
  191  17:22  Disruptor  
  175  17:33  Disruptor  
  178  17:40  Nexus  
  178  17:41  Zealot x11  
  178  17:42  Zealot  
  166  17:58  Pylon  
  166  18:00  Observer  
  163  18:15  Zealot x9  
  178  18:32  Protoss Shields Level 3 (Chrono Boost)  
  178  18:33  Dark Templar x5  
  187  18:36  Stalker x5  
  197  18:42  Stalker  
  197  18:56  Nexus, Pylon  
  197  18:59  Dark Templar x3  
  200  19:09  Probe  
  200  19:22  Nexus  
  200  19:24  Pylon  
  200  19:40  Protoss Air Weapons Level 2 (Chrono Boost)  
  200  19:46  Photon Cannon  
  200  19:48  Photon Cannon  
  200  19:49  Photon Cannon  
  200  19:50  Observer  
  200  19:51  Photon Cannon  
  190  19:52  Shield Battery  
  190  19:54  Shield Battery  
  190  19:55  Tempest x3 (Chrono Boost)  
  190  19:56  Observer, Shield Battery  
  183  20:03  Stalker x8  
  179  20:44  Stalker x8  
  179  20:45  Stalker x3  
  189  20:56  Tempest x2, Stalker x3  
  150  21:06  Tempest  
  150  21:10  Probe x3  
  165  21:15  Probe  
  166  21:22  Zealot x2  
  166  21:23  Zealot x3  
  176  21:28  Observer (Chrono Boost)  
  176  21:29  Probe x2  
  178  21:39  Tempest, Oracle  
  182  21:51  High Templar  
  182  21:52  High Templar x8  
  200  21:56  Archon x4  
  179  22:18  Tempest (Chrono Boost)  
  179  22:19  Zealot x2  
  179  22:20  Zealot  
  165  22:24  Tempest (Chrono Boost)  
  165  22:28  Tempest (Chrono Boost)  
  168  22:32  Assimilator  
  168  22:33  Assimilator  
  168  22:36  High Templar x3  
  174  22:40  Archon  
  174  22:41  Archon  
  173  22:54  Tempest  
  178  23:00  Oracle  
  178  23:15  Zealot x3  
  178  23:16  Zealot x4  
Tags
 
Add a new tag
Caveats
  • Supply blocks, unpowered buildings, or Contaminate may cause inaccurate times.
  • Supply counts are checked every 10 seconds.